 Dungeon Crawl Stone Soup version 0.32-a0-377-g951292165a (webtiles) character file.

Game seed: 12514698465369820449

1053 Anathary the Chopper (level 8, -1/91 HPs)
             Began as a Coglin Gladiator on Feb 19, 2024.
             Succumbed to Ijyb's poison
             ... on level 5 of the Dungeon.
             The game lasted 00:17:05 (3222 turns).

Anathary the Chopper (Coglin Gladiator)             Turns: 3222, Time: 00:17:05

Health: -1/91      AC:  8    Str: 14    XL:     8   Next: 26%
Magic:  8/8        EV: 14    Int:  8    God:
Gold:   267        SH:  0    Dex: 18    Spells: 7/7 levels left

rFire   + . .        u - +2 hand axe (freeze) {Septimus}
rCold   + . .        r - +2 short sword (venom) {Jabu}
rNeg    . . .        b - +0 leather armour
rPois   +            c - +0 helmet
rElec   +            (no cloak)
rCorr   +            (no gloves)
SInv    .            (no boots)
Will    +....        (no amulet) Stlth
                     m - +4 ring of protection
HPRegen 0.35/turn    (no ring)
MPRegen 0.11/turn

%: no passive effects
@: mighty, berserking, lethally poisoned (-1 -> -13), resistant, hasted,
revving, stiff-legged, very slow
A: off-hand wielding, slow wielding, warmup strikes, warmup strides,
strong-willed 1, noise suppression
a: no special abilities


You were on level 5 of the Dungeon.
You visited 1 branch of the dungeon, and saw 5 of its levels.

You collected 267 gold pieces.

Inventory:

Hand Weapons
 a - a +0 war axe {Manveen}
 r - a +2 short sword of venom (worn) {Jabu}
 u - a +2 hand axe of freezing (weapon) {Septimus}
Missiles
 d - 3 throwing nets (quivered)
 e - 5 javelins
Armour
 b - a +0 leather armour (worn)
 c - a +0 helmet (worn)
Jewellery
 m - a +4 ring of protection (left grasper)
 t - a ring of flight
Scrolls
 i - 2 scrolls of amnesia {unknown}
 j - 6 scrolls of identify {unknown}
 l - 2 scrolls of noise {unknown}
 n - a scroll of enchant weapon {unknown}
 p - 2 scrolls of teleportation {unknown}
 x - a scroll of fog {unknown}
 y - a scroll of poison {unknown}
Potions
 f - a potion of degeneration {unknown}
 g - a potion of berserk rage
 k - a potion of might
 o - 2 potions of mutation
 q - a potion of enlightenment {unknown}
 v - a potion of curing {unknown}
 w - a potion of attraction {unknown}


   Skills:
 + Level 4.4 Fighting
 + Level 3.3 Short Blades
 + Level 6.5 Axes
 - Level 1.7 Throwing
 + Level 2.3 Armour
 + Level 4.3 Dodging


You had 7 spell levels left.
You didn't know any spells.
Your spell library contained the following spells:

 Spells                   Type           Power      Damage    Failure   Level
 Call Canine Familiar     Summ           0%         N/A       85%         3
 Sigil of Binding         Hex            0%         N/A       85%         3
 Dimensional Bullseye     Hex/Tloc       0%         N/A       99%         4


Dungeon Overview and Level Annotations

Branches:
Dungeon (5/15)             Temple (0/1) D:4

Altars:
Qazlal

Shops:
D:5 *

Annotations:
D:5 Ijyb


Innate Abilities, Weirdness & Mutations

You can wield a second weapon in your off-hand.
It takes a long time for you to wield or remove held weapons.
Your first few attacks do less damage.
Your first movements take longer.
You are strong-willed. (Will+)
You passively dampen the noise of your surroundings.


Message History

The centaur kicks you but does no damage.
Ijyb misses you.
You closely miss Ijyb with your +2 short sword of venom.
Ijyb is heavily wounded.
You hit Ijyb with your +2 hand axe of freezing.
You freeze Ijyb.
You hit the centaur with your +2 hand axe of freezing.
You freeze the centaur.
You feel sick.
The centaur hits you but does no damage.
The centaur kicks you but does no damage.
Ijyb hits you with a +1 dagger of venom.
* * * LOW HITPOINT WARNING * * *
You are lethally poisoned!
The centaur hits you but does no damage.
The centaur kicks you but does no damage.
It was a potion of haste.
You feel yourself speed up.
* * * LOW HITPOINT WARNING * * *
You feel very sick.
You kill the centaur!
Ijyb hits you with a +1 dagger of venom.
* * * LOW HITPOINT WARNING * * *
You are more poisoned.
It was a potion of magic.
Magic courses through your body.
* * * LOW HITPOINT WARNING * * *
You feel very sick. Ijyb misses you.
It was a potion of mutation.
You feel extremely strange.
You feel agile.
You feel strong-willed.
You feel clumsy.
You feel your surroundings grow quieter.
* * * LOW HITPOINT WARNING * * *
You feel very sick.
It was a potion of resistance.
You feel protected.
* * * LOW HITPOINT WARNING * * *
You feel very sick. Ijyb hits you but does no damage.
It was a potion of berserk rage.
A red film seems to cover your vision as you go berserk!
You feel yourself moving faster!
You feel mighty!
You die...

####### ## #.....## ..
#.###..##+#######+##
##+### ##.
#...........@)......
./....
....#..###......g.......
...... ##..#..#
#.............. ......
.......# ####+#######+##
##+### #...#.## ##..#.#
... #.# ##.##.##
.......#


You could see Ijyb (very poisoned).

Vanquished Creatures
  Pikel (D:5)
  A centaur (D:5)
  2 lemures (D:5)
  A scorpion (D:4)
  3 hounds (D:5)
  A gnoll bouda (D:3)
  Terence (D:3)
  An orc wizard (D:3)
  Robin (D:3)
  3 gnolls (D:3)
  7 adders
  A white imp (D:5)
  2 ribbon worms
  3 orcs
  8 ball pythons
  7 endoplasms
  5 giant cockroaches
  15 goblins
  9 hobgoblins
  4 jackals (D:1)
  5 kobolds
  5 quokkas
  2 bats (D:3)
  7 frilled lizards
  9 rats
104 creatures vanquished.

Notes
Turn   | Place    | Note
-------+----------+-------------------------------------------
     0 | D:1      | Anathary the Coglin Gladiator began the quest for the Orb.
     0 | D:1      | Reached XP level 1. HP: 16/16 MP: 1/1
    63 | D:1      | Reached XP level 2. HP: 19/22 MP: 2/2
   252 | D:1      | Reached XP level 3. HP: 28/28 MP: 3/3
   638 | D:2      | Reached XP level 4. HP: 16/34 MP: 4/4
   916 | D:2      | Reached skill level 4 in Axes
  1125 | D:3      | Reached skill level 1 in Armour
  1134 | D:3      | Reached XP level 5. HP: 39/39 MP: 5/5
  1228 | D:3      | Noticed Terence
  1235 | D:3      | Killed Terence
  1375 | D:3      | Reached skill level 1 in Short Blades
  1375 | D:3      | Reached XP level 6. HP: 42/46 MP: 6/6
  1378 | D:3      | Reached skill level 5 in Axes
  1423 | D:3      | Noticed Robin
  1444 | D:3      | Killed Robin
  1712 | D:4      | Found a stormy altar of Qazlal.
  1802 | D:4      | Found a staircase to the Ecumenical Temple.
  2879 | D:5      | Entered Level 5 of the Dungeon
  2880 | D:5      | Noticed Pikel
  2902 | D:5      | Killed Pikel
  2903 | D:5      | Reached skill level 6 in Axes
  2903 | D:5      | Reached XP level 7. HP: 16/54 MP: 7/7
  2903 | D:5      | Reached XP level 8. HP: 18/60 MP: 8/8
  2903 | D:5      | Found Aceomadeaps's Neck Hole.
  3206 | D:5      | Noticed Ijyb
  3220 | D:5      | Gained mutation: You are agile. (Dex +4, Str/Int -1)
                  | [potion of mutation]
  3220 | D:5      | Gained mutation: You are strong-willed. (Will+) [potion of
                  | mutation]
  3220 | D:5      | Lost mutation: You are agile. (Dex +4, Str/Int -1) [potion
                  | of mutation]
  3220 | D:5      | Gained mutation: You passively dampen the noise of your
                  | surroundings. [potion of mutation]
  3220 | D:5      | HP: 3/61 [poisoned by Ijyb]
  3221 | D:5      | HP: 1/61 [poisoned by Ijyb]
  3222 | D:5      | Succumbed to Ijyb's poison

Illustrated notes

Levels and vault maps discovered:
D:1:      minmay_arrival_glassed_features, layout_basic
D:2:      layout_rooms, minmay_tree_intersection
D:3:      layout_rooms, uniq_robin, uniq_terence
D:4:      layout_basic, lemuel_tele_altar, minmay_temple_entry_from_below_b
D:5:      kennysheep_six_static_rooms, layout_basic,
          nicolae_shop_sticking_my_neck_out, uniq_crazy_yiuf_cottage,
          uniq_pikel, uniq_ijyb

Skill      XL: |  1  2  3  4  5  6 |
---------------+-------------------+-----
Dodging        | 3 4 |  4.3
Axes           | 4 6 |  6.5
Armour         | 1 2 |  2.3
Short Blades   | 1 3 |  3.3
Fighting       | 4 |  4.4
Throwing       | |  1.7

Action                     |  1- 3 |  4- 6 |  7- 9 || total
---------------------------+-------+-------+-------++-------
  Melee: War axe           |    84 |    84 |       ||   168
         Short sword       |       |   107 |    19 ||   126
         Hand axe          |       |    77 |    17 ||    94
    Use: Potion            |       |       |     6 ||     6
   Stab: Sleeping          |     2 |       |       ||     2
 Armour: Leather armour    |    50 |    64 |    37 ||   151
  Dodge: Dodged            |    71 |   104 |    25 ||   200

Table legend: (Time is in decaauts)
 A = Elapsed time spent in this place.
 B = Non-inter-level travel time spent in this place.
 C = Inter-level travel time spent in this place.
 D = Time resting spent in this place.
 E = Time spent auto-exploring this place.
 F = Levels seen in this place.
 G = Mean time per level.
                   A        B        C        D        E       F      G
               +--------+--------+--------+--------+--------+-----+--------+
         Total |   3385 |   2931 |    454 |    339 |   1309 |   5 |  677.0 |
       Dungeon |   3385 |   2931 |    454 |    339 |   1309 |   5 |  677.0 |
               +--------+--------+--------+--------+--------+-----+--------+

Top non-repeatable levels by time:
     D:4: 1282 daAuts
     D:2: 616 daAuts
     D:1: 601 daAuts
     D:3: 538 daAuts
     D:5: 346 daAuts
